[Event "FIDE WYCC Girls U14 2023"]
[Site "Montesilvano"]
[Date "2023.11.17"]
[Round "5.23"]
[White "Orazalina, Nursulu"]
[Black "Smietanska, Wiktoria"]
[Result "1/2-1/2"]
[ECO "B90"]
[WhiteElo "1428"]
[BlackElo "2009"]
[Annotator "NA"]
[PlyCount "125"]
[EventDate "2023.11.13"]
[EventType "swiss"]
[EventCountry "ITA"]
[SourceTitle "playchess.com"]
[Source "ChessBase"]
[SourceQuality "1"]
[TimeControl "40/5400+30:1800+30"]

1. e4 c5 2. Nf3 d6 3. d4 cxd4 4. Nxd4 Nf6 5. Nc3 a6 6. f3 e5 7. Nb3 Be6 8. Be3 h5 9. Be2 Nbd7 10. Qd2 Rc8 11. O-O-O Be7 12. Kb1 b5 13. Nd5 Nxd5 14. exd5 Bf5 15. Bd3 Bxd3 16. Qxd3 Nb6 17. Na5 Qc7 18. Bxb6 Qxb6 19. Nc6 Bf6 20. Qf5 Rc7 21. f4 exf4 22. Rhe1+ Kf8 23. Qxf4 Qc5 24. Re2 Rc8 25. Qf3 Rh6 26. Rde1 g5 27. Qd3 Kg7 28. Rf1 Rg6 29. Ref2 Re8 30. Rf5 Qe3 31. Qxe3 Rxe3 32. R5f2 h4 33. Nb8 Re7 34. Nxa6 Be5 35. h3 Bg3 36. Rd2 Rf6 37. Rg1 Be1 38. Rd1 Bf2 39. Rh1 Re2 40. Nb4 Bg3 41. Rdg1 Rff2 42. b3 Rxg2 43. Rxg2 Rxg2 44. a4 bxa4 45. bxa4 Bf2 46. a5 Rg1+ 47. Rxg1 Bxg1 48. Nd3 g4 49. Nf4 gxh3 50. Nxh3 Be3 51. c4 Kf6 52. Kc2 Kf5 53. Kd3 Ba7 54. Ke2 Kg4 55. Nf2+ Kg3 56. Ne4+ Kf4 57. Nxd6 h3 58. Kf1 Kf3 59. Nxf7 h2 60. Ng5+ Kg3 61. Ne4+ Kf3 62. Ng5+ Kg3 63. Ne4+ 1/2-1/2

[Event "FIDE WYCC Girls U14 2023"]
[Site "Montesilvano"]
[Date "2023.11.17"]
[Round "5.24"]
[White "Jiang, Tianyu"]
[Black "Haapsal, Maria Ioanna"]
[Result "1-0"]
[ECO "B45"]
[WhiteElo "1917"]
[BlackElo "1597"]
[Annotator "NA"]
[PlyCount "61"]
[EventDate "2023.11.13"]
[EventType "swiss"]
[EventCountry "ITA"]
[SourceTitle "playchess.com"]
[Source "ChessBase"]
[SourceQuality "1"]
[TimeControl "40/5400+30:1800+30"]

1. e4 c5 2. Nf3 e6 3. d4 cxd4 4. Nxd4 Nc6 5. Nc3 Nf6 6. Nxc6 bxc6 7. e5 Nd5 8. Ne4 Qc7 9. f4 Qb6 10. a3 f5 11. exf6 Nxf6 12. Nxf6+ gxf6 13. b3 Bc5 14. Qf3 a5 15. Bb2 Bd4 16. O-O-O Bxb2+ 17. Kxb2 Bb7 18. Bc4 d5 19. Qg4 Kf7 20. Rhe1 Rae8 21. Qh5+ Ke7 22. Qh6 Kf7 23. Be2 Reg8 24. Qh5+ Rg6 25. Bd3 f5 26. g4 Qd4+ 27. Kb1 Qg7 28. gxf5 exf5 29. Qxf5+ Rf6 30. Qd7+ Kf8 31. Re8# 1-0

[Event "FIDE WYCC Girls U14 2023"]
[Site "Montesilvano"]
[Date "2023.11.17"]
[Round "5.25"]
[White "Sun, Wanyao Sarah"]
[Black "Toth, Lili"]
[Result "1/2-1/2"]
[ECO "C44"]
[WhiteElo "1593"]
[BlackElo "2199"]
[Annotator "ChessBase"]
[PlyCount "88"]
[EventDate "2023.11.13"]
[EventType "swiss"]
[EventCountry "ITA"]
[SourceTitle "playchess.com"]
[Source "ChessBase"]
[SourceQuality "1"]
[TimeControl "40/5400+30:1800+30"]

1. e4 e5 2. Nf3 Nc6 3. d4 exd4 4. Nxd4 Nf6 5. Nc3 Nxe4 6. Nxe4 Qe7 7. f3 d5 8. Nxc6 bxc6 9. Qe2 dxe4 10. Qxe4 Qxe4+ 11. fxe4 Bd6 12. Bc4 Rb8 13. O-O f6 14. Be3 a5 15. Bb3 Ke7 16. Rae1 Be6 17. Bxe6 Kxe6 18. b3 a4 19. Bd4 Rhd8 20. Bc3 Bc5+ 21. Kh1 Bd4 22. Bxd4 Rxd4 23. Rf2 c5 24. h3 axb3 25. cxb3 c4 26. Rc2 cxb3 27. axb3 Kd6 28. Re3 c5 29. g4 Rbb4 30. Rec3 Rb5 31. Ra2 Rb7 32. Ra6+ Ke5 33. Rxc5+ Kxe4 34. Rc3 Rd1+ 35. Kg2 Rb1 36. Rc4+ Kd5 37. Rc3 Rb2+ 38. Kg1 R2xb3 39. Rxb3 Rxb3 40. Kg2 Rb7 41. Kg3 Ke5 42. Ra5+ Ke6 43. Kf4 Rb4+ 44. Kg3 Rb3+ 1/2-1/2

[Event "FIDE WYCC Girls U14 2023"]
[Site "Montesilvano"]
[Date "2023.11.17"]
[Round "5.26"]
[White "Yu, Avery"]
[Black "Jiang, Hanxi"]
[Result "*"]
[ECO "B15"]
[WhiteElo "1861"]
[BlackElo "1575"]
[Annotator "NA"]
[PlyCount "115"]
[EventDate "2023.11.13"]
[EventType "swiss"]
[EventCountry "ITA"]
[SourceTitle "playchess.com"]
[Source "ChessBase"]
[SourceQuality "1"]
[TimeControl "40/5400+30:1800+30"]

1. e4 c6 2. d4 d5 3. Nc3 dxe4 4. Nxe4 Nf6 5. Nxf6+ exf6 6. c3 Bd6 7. Bd3 O-O 8. Qc2 Re8+ 9. Ne2 h5 10. Be3 Nd7 11. O-O-O Nf8 12. c4 Be6 13. Kb1 Rc8 14. Nc3 Qa5 15. Ne4 Be7 16. Nc5 Bxc5 17. dxc5 b5 18. cxb6 axb6 19. Bd2 Qa6 20. a3 Nd7 21. c5 Qb7 22. cxb6 Nxb6 23. h3 Rb8 24. Bc3 Ra8 25. g4 Na4 26. Bb4 h4 27. Rhg1 c5 28. Be4 Ba2+ 29. Kxa2 Rxe4 30. Bc3 Re6 31. Rd2 Rb6 32. Rgd1 Qe7 33. Rd7 Qe6+ 34. Ka1 Qe8 35. f4 c4 36. Ba5 Rxb2 37. Qxa4 Qe2 38. Rd8+ Kh7 39. R8d2 Rxd2 40. Rxd2 Qxd2 41. Bxd2 Rxa4 42. Kb2 c3+ 43. Bxc3 Rxf4 44. Bb4 Kg6 45. Be1 Rf3 46. a4 f5 47. gxf5+ Rxf5 48. a5 Re5 49. Bc3 Re8 50. Kc2 Kf5 51. Bd4 Ra8 52. Bc3 g5 53. Kd2 Kf4 54. Ke2 Kg3 55. Kf1 Kxh3 56. Kg1 g4 57. Kh1 g3 58. Kg1 *

[Event "FIDE WYCC Girls U14 2023"]
[Site "Montesilvano"]
[Date "2023.11.17"]
[Round "5.27"]
[White "Li Chen, Helena Joana"]
[Black "Alemanova, Yasmina"]
[Result "1/2-1/2"]
[ECO "C11"]
[WhiteElo "1799"]
[BlackElo "1570"]
[Annotator "NA"]
[PlyCount "90"]
[EventDate "2023.11.13"]
[EventType "swiss"]
[EventCountry "ITA"]
[SourceTitle "playchess.com"]
[Source "ChessBase"]
[SourceQuality "1"]
[TimeControl "40/5400+30:1800+30"]

1. e4 e6 2. d4 d5 3. Nc3 Nf6 4. e5 Nfd7 5. f4 c5 6. Nf3 Nc6 7. Ne2 Be7 8. c3 O-O 9. a3 b5 10. dxc5 Nxc5 11. Ned4 Nxd4 12. Nxd4 a6 13. Bd3 Bb7 14. O-O f6 15. Bc2 Qd7 16. Qh5 Ne4 17. Be3 Bc5 18. Qh3 f5 19. Bxe4 fxe4 20. Ne2 Be7 21. Kh1 a5 22. b4 Ra6 23. Nd4 Rfa8 24. Rac1 Rc8 25. f5 exf5 26. Rxf5 Qe8 27. Rh5 h6 28. Nf5 Bf8 29. g4 axb4 30. axb4 Rcc6 31. g5 Kh7 32. Nd4 Bc8 33. Qh4 Rcb6 34. gxh6 g6 35. Rg5 Be7 36. Qg3 Bxg5 37. Qxg5 Rb7 38. h4 Qd7 39. e6 Qe7 40. Qxe7+ Rxe7 41. Bg5 Rexe6 42. Nxe6 Rxe6 43. Kg1 Rc6 44. Kf2 Be6 45. Ke3 Rc4 1/2-1/2

[Event "FIDE WYCC Girls U14 2023"]
[Site "Montesilvano"]
[Date "2023.11.17"]
[Round "5.28"]
[White "Derlich, Sarah Sima"]
[Black "Manco, Amaliya"]
[Result "1/2-1/2"]
[ECO "C50"]
[WhiteElo "1745"]
[BlackElo "1538"]
[Annotator "NA"]
[PlyCount "56"]
[EventDate "2023.11.13"]
[EventType "swiss"]
[EventCountry "ITA"]
[SourceTitle "playchess.com"]
[Source "ChessBase"]
[SourceQuality "1"]
[TimeControl "40/5400+30:1800+30"]

1. e4 e5 2. Nf3 Nc6 3. Bc4 Bc5 4. O-O Nf6 5. d3 d6 6. c3 a6 7. Bb3 Ba7 8. h3 Bd7 9. Re1 h6 10. d4 O-O 11. Qd3 Qc8 12. Nbd2 Nh5 13. Nf1 Kh8 14. Be3 g5 15. Rad1 Nf4 16. Bxf4 exf4 17. Bc2 Rg8 18. e5 Rg7 19. Qe4 h5 20. d5 g4 21. dxc6 gxf3 22. cxb7 Rxg2+ 23. Kh1 Rg1+ 24. Kh2 Rg2+ 25. Kh1 Rg1+ 26. Kh2 Rg2+ 27. Kh1 Rg1+ 28. Kh2 Rg2+ 1/2-1/2

[Event "FIDE WYCC Girls U14 2023"]
[Site "Montesilvano"]
[Date "2023.11.17"]
[Round "5.29"]
[White "Suyamin, Bonjoure Fille"]
[Black "Zadrapova, Amalie"]
[Result "1-0"]
[ECO "E97"]
[WhiteElo "1570"]
[BlackElo "1753"]
[Annotator "NA"]
[PlyCount "115"]
[EventDate "2023.11.13"]
[EventType "swiss"]
[EventCountry "ITA"]
[SourceTitle "playchess.com"]
[Source "ChessBase"]
[SourceQuality "1"]
[TimeControl "40/5400+30:1800+30"]

1. d4 Nf6 2. Nf3 g6 3. c4 Bg7 4. Nc3 O-O 5. e4 d6 6. Be2 e5 7. O-O Nc6 8. d5 Ne7 9. b4 Nh5 10. a4 f5 11. a5 Nf6 12. Re1 h6 13. Qc2 g5 14. Nd2 f4 15. c5 Ng6 16. Nc4 Rf7 17. cxd6 cxd6 18. Nb5 Bf8 19. Bb2 g4 20. Ra3 Nh5 21. Rc1 f3 22. gxf3 gxf3 23. Bxf3 Ngf4 24. Kh1 Rg7 25. Raa1 Nf6 26. Ne3 Nh3 27. Nf5 Bxf5 28. exf5 Qc8 29. Bg2 Qxc2 30. Rxc2 Nf4 31. Bf3 N6xd5 32. Rd2 Nxb4 33. Nxd6 Bxd6 34. Rxd6 Nbd3 35. Rf1 Nxb2 36. a6 Rb8 37. axb7 Nc4 38. Rc6 Nb6 39. Rxh6 Kf7 40. Rc1 Nfd5 41. Rd1 Nf6 42. Rd6 Ne8 43. Rde6 Nc7 44. Rxe5 Nd7 45. Ra5 Rbg8 46. h4 Rg1+ 47. Kh2 Rf1 48. Bh5+ Ke7 49. f3 a6 50. Rc6 Rf2+ 51. Kh3 Rf1 52. Bg4 Nb5 53. Rc8 Rg7 54. Rxa6 Nd6 55. f6+ Kxf6 56. Rxd6+ Ke5 57. Rxd7 Rxd7 58. b8=Q+ 1-0

[Event "FIDE WYCC Girls U14 2023"]
[Site "Montesilvano"]
[Date "2023.11.17"]
[Round "5.30"]
[White "Zeng, Vera"]
[Black "Li, Anna Sofie"]
[Result "0-1"]
[ECO "D14"]
[WhiteElo "1528"]
[BlackElo "1722"]
[Annotator "NA RC"]
[PlyCount "76"]
[EventDate "2023.11.13"]
[EventType "swiss"]
[EventCountry "ITA"]
[SourceTitle "playchess.com"]
[Source "ChessBase"]
[SourceQuality "1"]
[TimeControl "40/5400+30:1800+30"]

1. d4 d5 2. c4 c6 3. cxd5 cxd5 4. Nc3 Nf6 5. Nf3 Nc6 6. Bf4 Bf5 7. e3 e6 8. Rc1 Bd6 9. Qb3 Rb8 10. Bxd6 Qxd6 11. Be2 O-O 12. O-O h6 13. a3 a6 14. Na4 Ne4 15. Qb6 Rfc8 16. Nc5 Nxd4 17. Nxd4 Qxb6 18. Nd7 Qxb2 19. Rb1 Qxa3 20. Ra1 Qd6 21. Nxb8 Rxb8 22. Rfc1 Qd7 23. Nxf5 exf5 24. f3 Nd6 25. Rd1 Qe6 26. Bf1 Qxe3+ 27. Kh1 Qc5 28. Rac1 Nc4 29. Rc2 b5 30. Ra1 b4 31. Rcc1 b3 32. Rab1 b2 33. Rc2 Qd4 34. Rcxb2 Rxb2 35. Re1 Qf2 36. Ra1 Ne3 37. h3 Nxf1 38. Rxf1 Qxg2# 0-1

[Event "FIDE WYCC Girls U14 2023"]
[Site "Montesilvano"]
[Date "2023.11.17"]
[Round "5.31"]
[White "Mohd Afif, Ainul Mardhiah"]
[Black "Briem, Gudrun Fanney"]
[Result "1-0"]
[ECO "A14"]
[WhiteElo "1478"]
[BlackElo "1692"]
[Annotator "NA"]
[PlyCount "101"]
[EventDate "2023.11.13"]
[EventType "swiss"]
[EventCountry "ITA"]
[SourceTitle "playchess.com"]
[Source "ChessBase"]
[SourceQuality "1"]
[TimeControl "40/5400+30:1800+30"]

1. c4 e6 2. g3 d5 3. Bg2 Nf6 4. Nf3 Be7 5. O-O O-O 6. Qc2 c5 7. d4 cxd4 8. Rd1 Qb6 9. Nxd4 Nc6 10. e3 Rd8 11. cxd5 exd5 12. Nc3 Nxd4 13. Rxd4 Be6 14. Qd3 Qc5 15. b4 Qc6 16. Bb2 Rac8 17. Rd1 Qb6 18. a3 a5 19. b5 Qc5 20. h3 h5 21. Rd2 Qb6 22. Kh2 Rd7 23. Qe2 Qd8 24. Na2 Bc5 25. Rf4 Be7 26. Bxf6 Bxf6 27. Qxh5 g6 28. Qd1 Be5 29. Ra4 b6 30. Nc1 Bf6 31. Ne2 Rc5 32. Nd4 Bxd4 33. Raxd4 Rxb5 34. Rh4 Qf6 35. Qe2 Rb3 36. Rf4 Qg5 37. a4 Qe5 38. Rfd4 Qf5 39. Qd1 Ra3 40. Qc1 Rb3 41. Qc8+ Kg7 42. Rh4 Kf6 43. Rf4 Qxf4 44. exf4 d4 45. Qh8+ Ke7 46. Rxd4 Rxd4 47. Qxd4 Rb4 48. Qe3 Kd6 49. Qe5+ Ke7 50. Bd5 Rxa4 51. Bxe6 1-0

[Event "FIDE WYCC Girls U14 2023"]
[Site "Montesilvano"]
[Date "2023.11.17"]
[Round "5.32"]
[White "Huang, Jolie"]
[Black "Pereira Garza, Cecilia"]
[Result "1-0"]
[ECO "D11"]
[WhiteElo "1680"]
[BlackElo "1479"]
[Annotator "NA RC"]
[PlyCount "33"]
[EventDate "2023.11.13"]
[EventType "swiss"]
[EventCountry "ITA"]
[SourceTitle "playchess.com"]
[Source "ChessBase"]
[SourceQuality "1"]
[TimeControl "40/5400+30:1800+30"]

1. d4 d5 2. c4 c6 3. Nf3 Nf6 4. e3 e6 5. Bd3 dxc4 6. Bxc4 b5 7. Bd3 a6 8. O-O Bd6 9. e4 Bc7 10. e5 Nd5 11. Ng5 Qe7 12. Nc3 Nxc3 13. bxc3 Bb7 14. f4 h6 15. Qh5 Qf8 16. Nxf7 Ke7 17. Ba3+ 1-0

[Event "FIDE WYCC Girls U14 2023"]
[Site "Montesilvano"]
[Date "2023.11.17"]
[Round "5.33"]
[White "Michalska, Lena"]
[Black "Mrad, Anahid"]
[Result "1-0"]
[ECO "A11"]
[WhiteElo "1640"]
[BlackElo "1378"]
[Annotator "NA"]
[PlyCount "119"]
[EventDate "2023.11.13"]
[EventType "swiss"]
[EventCountry "ITA"]
[SourceTitle "playchess.com"]
[Source "ChessBase"]
[SourceQuality "1"]
[TimeControl "40/5400+30:1800+30"]

1. c4 c6 2. Nf3 d5 3. e3 Nf6 4. b3 Bf5 5. Bb2 Nbd7 6. Be2 e6 7. O-O Bd6 8. d4 c5 9. cxd5 exd5 10. dxc5 Bxc5 11. Nc3 Nb6 12. Bb5+ Bd7 13. Bxd7+ Qxd7 14. Rc1 Bd6 15. Qd3 O-O 16. Nb5 Ne4 17. Nxd6 Nxd6 18. Nd4 Rfe8 19. Rfd1 Re4 20. Ne2 Nf5 21. Nf4 Ne7 22. Bd4 Rd8 23. Bxb6 axb6 24. Nxd5 Nxd5 25. Qxe4 f5 26. Qc4 b5 27. Qxd5+ Qxd5 28. Rxd5 Rxd5 29. g3 h6 30. Rc7 b6 31. Rc6 Rd1+ 32. Kg2 Ra1 33. Rxb6 Rxa2 34. Rxb5 g6 35. h4 Kf7 36. h5 Rb2 37. Rb7+ Kf6 38. Rb6+ Kg7 39. Rxg6+ Kh7 40. Rb6 Kg7 41. b4 Rb3 42. b5 Rb4 43. Kf3 Kh7 44. Rb7+ Kg8 45. b6 Kh8 46. Rf7 Rxb6 47. Rxf5 Kg7 48. g4 Kh7 49. Kf4 Rb4+ 50. e4 Kg7 51. f3 Kh7 52. Rc5 Kg7 53. Kf5 Kh7 54. Rc7+ Kg8 55. e5 Rb6 56. e6 Rb8 57. Kg6 Re8 58. e7 Ra8 59. Rc6 Re8 60. Rd6 1-0

[Event "FIDE WYCC Girls U14 2023"]
[Site "Montesilvano"]
[Date "2023.11.17"]
[Round "5.34"]
[White "Sodgerelt Naranbold"]
[Black "Diasamidze, Lulu"]
[Result "1/2-1/2"]
[ECO "B40"]
[WhiteElo "1419"]
[BlackElo "1676"]
[Annotator "NA"]
[PlyCount "85"]
[EventDate "2023.11.13"]
[EventType "swiss"]
[EventCountry "ITA"]
[SourceTitle "playchess.com"]
[Source "ChessBase"]
[SourceQuality "1"]
[TimeControl "40/5400+30:1800+30"]

1. e4 c5 2. Nf3 e6 3. d4 cxd4 4. Nxd4 Nf6 5. Nc3 Nc6 6. Ndb5 Bc5 7. Nd6+ Ke7 8. Bf4 e5 9. Nf5+ Kf8 10. Bg5 d6 11. Bd3 h6 12. Bh4 g6 13. Ne3 Be6 14. Ncd5 g5 15. Bg3 Bxe3 16. Nxe3 d5 17. exd5 Nxd5 18. Nxd5 Qxd5 19. O-O Kg7 20. Qe2 Rhe8 21. Be4 Qc4 22. Qxc4 Bxc4 23. Bxc6 bxc6 24. Rfd1 f6 25. Rd7+ Kg6 26. Rad1 a5 27. b3 Be6 28. R7d6 Rac8 29. f3 c5 30. Ra6 Ra8 31. Rdd6 Rxa6 32. Rxa6 c4 33. Be1 Bf5 34. Rxa5 Rd8 35. bxc4 Bxc2 36. Kf2 Bf5 37. c5 Rd1 38. Ra3 Rb1 39. Rb3 Rc1 40. Rc3 Ra1 41. a3 Ra2+ 42. Kf1 e4 43. h3 1/2-1/2

[Event "FIDE WYCC Girls U14 2023"]
[Site "Montesilvano"]
[Date "2023.11.17"]
[Round "5.35"]
[White "Viti, Greta"]
[Black "Nguyen, Thuy Linh"]
[Result "0-1"]
[ECO "B53"]
[WhiteElo "1644"]
[BlackElo "1398"]
[Annotator "NA"]
[PlyCount "70"]
[EventDate "2023.11.13"]
[EventType "swiss"]
[EventCountry "ITA"]
[SourceTitle "playchess.com"]
[Source "ChessBase"]
[SourceQuality "1"]
[TimeControl "40/5400+30:1800+30"]

1. e4 c5 2. Nf3 d6 3. d4 cxd4 4. Qxd4 e5 5. Qd3 Be7 6. Be2 Nf6 7. Bg5 Nbd7 8. Bxf6 Nxf6 9. Nc3 O-O 10. O-O-O a6 11. Nd2 b5 12. f3 Be6 13. Nb3 Nh5 14. Kb1 Nf4 15. Qd2 b4 16. Nd5 Bxd5 17. exd5 a5 18. Bb5 a4 19. Nc1 Qa5 20. Bc6 Rab8 21. g3 Ng6 22. Nd3 a3 23. b3 f5 24. h4 Bf6 25. Nf2 Qc7 26. Qd3 Ne7 27. Bb5 Rxb5 28. Qxb5 Qc3 29. Kc1 Rc8 30. Qd3 Qb2+ 31. Kd2 Rc3 32. Qb5 Rxc2+ 33. Ke1 h6 34. Nd3 Qd4 35. Qe8+ Kh7 0-1

[Event "FIDE WYCC Girls U14 2023"]
[Site "Montesilvano"]
[Date "2023.11.18"]
[Round "6.1"]
[White "Mou, Iris"]
[Black "Kaliakhmet, Elnaz"]
[Result "*"]
[WhiteElo "2086"]
[BlackElo "1933"]
[Annotator "NA"]
[PlyCount "49"]
[EventDate "2023.11.13"]
[EventType "swiss"]
[EventCountry "ITA"]
[SourceTitle "playchess.com"]
[Source "ChessBase"]
[SourceQuality "1"]
[TimeControl "40/5400+30:1800+30"]

1. e4 c5 2. Nf3 Nc6 3. Bb5 Nf6 4. Nc3 Qc7 5. O-O Nd4 6. h3 a6 7. Bd3 e5 8. Nxd4 cxd4 9. Ne2 d5 10. Ng3 dxe4 11. Nxe4 Nxe4 12. Bxe4 Bd6 13. c3 O-O 14. Qb3 h6 15. cxd4 exd4 16. d3 Rb8 17. Bd2 Be6 18. Qa4 Qb6 19. b4 Rbc8 20. Rab1 Qb5 21. Qxb5 axb5 22. Rb2 Ra8 23. Bxb7 Ra3 24. Bf3 Rb8 25. Be2 *

[Event "FIDE WYCC Girls U14 2023"]
[Site "Montesilvano"]
[Date "2023.11.18"]
[Round "6.2"]
[White "Negre, Emilie"]
[Black "Khamdamova, Afruza"]
[Result "0-1"]
[ECO "D35"]
[WhiteElo "1871"]
[BlackElo "2199"]
[Annotator "ChessBase"]
[PlyCount "66"]
[EventDate "2023.11.13"]
[EventType "swiss"]
[EventCountry "ITA"]
[SourceTitle "playchess.com"]
[Source "ChessBase"]
[SourceQuality "1"]
[TimeControl "40/5400+30:1800+30"]

1. c4 e6 2. d4 d5 3. Nc3 Nf6 4. cxd5 exd5 5. Bg5 Be7 6. e3 O-O 7. Bd3 c6 8. Nge2 Re8 9. O-O a5 10. Qc2 h6 11. Bh4 Na6 12. a3 Nc7 13. f3 b5 14. Kh1 Ba6 15. Bf2 Ne6 16. Rad1 b4 17. Bxa6 Rxa6 18. axb4 axb4 19. Na4 Qa8 20. Nc5 Nxc5 21. dxc5 Qa7 22. Rc1 Ra5 23. Nd4 Rxc5 24. Nxc6 Rxc2 25. Nxa7 Rxb2 26. Nc6 Bf8 27. Rb1 Rxb1 28. Rxb1 Nd7 29. Nxb4 Rb8 30. Be1 Ne5 31. Rb2 Nc4 32. Rb3 Bc5 33. e4 d4 0-1

[Event "FIDE WYCC Girls U14 2023"]
[Site "Montesilvano"]
[Date "2023.11.18"]
[Round "6.3"]
[White "Mgeladze, Kesaria"]
[Black "Khulan, Bayarsaikhan"]
[Result "*"]
[WhiteElo "2065"]
[BlackElo "1615"]
[Annotator "NA"]
[PlyCount "67"]
[EventDate "2023.11.13"]
[EventType "swiss"]
[EventCountry "ITA"]
[SourceTitle "playchess.com"]
[Source "ChessBase"]
[SourceQuality "1"]
[TimeControl "40/5400+30:1800+30"]

1. e4 d6 2. d4 Nf6 3. Nc3 e5 4. Nge2 Be7 5. h3 c6 6. a4 a5 7. g4 b6 8. Bg2 Ba6 9. O-O Nfd7 10. Be3 h5 11. gxh5 Rxh5 12. Ng3 Rh7 13. Re1 g6 14. f4 Bh4 15. Qf3 Qf6 16. Red1 exf4 17. Qxf4 Bb7 18. d5 Qe5 19. Nge2 Be7 20. Qf2 c5 21. Bf4 Qf6 22. Nb5 Na6 23. Bxd6 Qxb2 24. Bxe7 Kxe7 25. Nec3 Nb4 26. Rab1 Qxc2 27. Rd2 Nd3 28. Qe3 Qxb1+ 29. Nxb1 N3e5 30. Rf2 Rh5 31. Nd2 Rah8 32. Nf3 Bc8 33. Nxe5 Nxe5 34. Qf4 *

[Event "FIDE WYCC Girls U14 2023"]
[Site "Montesilvano"]
[Date "2023.11.18"]
[Round "6.4"]
[White "Goriachkina, Oksana"]
[Black "Maral Altankhuyag"]
[Result "*"]
[WhiteElo "1915"]
[BlackElo "1398"]
[Annotator "NA"]
[PlyCount "53"]
[EventDate "2023.11.13"]
[EventType "swiss"]
[EventCountry "ITA"]
[SourceTitle "playchess.com"]
[Source "ChessBase"]
[SourceQuality "1"]
[TimeControl "40/5400+30:1800+30"]

1. Nf3 c5 2. c4 g6 3. g3 Bg7 4. Bg2 Nf6 5. d4 cxd4 6. Nxd4 O-O 7. Nc3 Nc6 8. Nc2 d6 9. O-O Bf5 10. e4 Bd7 11. b3 Ng4 12. Bb2 Qa5 13. Qe1 Qh5 14. h3 Nge5 15. Qd1 Bg4 16. hxg4 Nxg4 17. Re1 f5 18. Ne3 Qh2+ 19. Kf1 Nxe3+ 20. Rxe3 Bd4 21. Qd2 e5 22. Rf3 Rae8 23. Rb1 Ne7 24. Qg5 fxe4 25. Nxe4 Rxf3 26. Bxf3 Rf8 27. Bg2 *

[Event "FIDE WYCC Girls U14 2023"]
[Site "Montesilvano"]
[Date "2023.11.18"]
[Round "6.5"]
[White "Natoli, Alessia"]
[Black "Tsetskhladze, Mariam"]
[Result "*"]
[WhiteElo "1756"]
[BlackElo "1911"]
[Annotator "NA"]
[PlyCount "69"]
[EventDate "2023.11.13"]
[EventType "swiss"]
[EventCountry "ITA"]
[SourceTitle "playchess.com"]
[Source "ChessBase"]
[SourceQuality "1"]
[TimeControl "40/5400+30:1800+30"]

1. e4 c5 2. Nf3 Nc6 3. Bb5 g6 4. O-O Bg7 5. c3 e5 6. d4 cxd4 7. cxd4 exd4 8. Bf4 a6 9. Ba4 Nge7 10. Bd6 b5 11. Bb3 Bb7 12. Na3 Nc8 13. Bc5 d6 14. Bxd4 Nxd4 15. Nxd4 Nb6 16. Qd3 O-O 17. Rad1 Qh4 18. Rfe1 Rad8 19. Bc2 d5 20. e5 Nc4 21. Qc3 Nxe5 22. Qg3 Qxg3 23. hxg3 Nc4 24. Nxc4 dxc4 25. Re7 Bxd4 26. Rxb7 Bxb2 27. Kf1 Rxd1+ 28. Bxd1 Rd8 29. Bf3 Rd2 30. Ra7 Bd4 31. Rxa6 Rxf2+ 32. Ke1 c3 33. Be4 b4 34. Kd1 Rd2+ 35. Kc1 *

[Event "FIDE WYCC Girls U14 2023"]
[Site "Montesilvano"]
[Date "2023.11.18"]
[Round "6.6"]
[White "Avetisyan, Ani"]
[Black "Ciarletta, Iris"]
[Result "0-1"]
[ECO "A59"]
[WhiteElo "1770"]
[BlackElo "1882"]
[Annotator "NA"]
[PlyCount "112"]
[EventDate "2023.11.13"]
[EventType "swiss"]
[EventCountry "ITA"]
[SourceTitle "playchess.com"]
[Source "ChessBase"]
[SourceQuality "1"]
[TimeControl "40/5400+30:1800+30"]

1. d4 Nf6 2. c4 c5 3. d5 b5 4. cxb5 a6 5. bxa6 Bxa6 6. Nc3 d6 7. e4 Bxf1 8. Kxf1 g6 9. g3 Bg7 10. Kg2 O-O 11. Nf3 Nbd7 12. h3 Ra6 13. Re1 Qa8 14. Qe2 Rb6 15. a4 Rfb8 16. Ra3 Rb4 17. Qc2 Nb6 18. b3 c4 19. bxc4 Rxc4 20. Qd3 Rbc8 21. a5 Nbd7 22. Bd2 Ne8 23. Rb1 R4c7 24. Nb5 Rb7 25. Nfd4 Nc5 26. Qe3 Bxd4 27. Qxd4 Rcb8 28. Bc3 f6 29. Nxd6 exd6 30. Re1 Nd7 31. a6 Ra7 32. Rea1 Rb6 33. Qe3 Rbxa6 34. Qxa7 Qxa7 35. Rxa6 Qc5 36. Rc6 Qb5 37. Ra8 Kf7 38. Ra7 Ke7 39. Rc8 f5 40. Ra5 Qd3 41. exf5 Qxf5 42. Bd2 Nef6 43. Rc1 Nxd5 44. Ra7 N5f6 45. Be3 h5 46. Re1 Kf7 47. Rd1 d5 48. Rd4 g5 49. Rb7 Kg6 50. Ra4 Ne5 51. Raa7 Qe4+ 52. Kf1 Nf3 53. Rg7+ Kf5 54. Rab7 g4 55. hxg4+ hxg4 56. Ke2 Qc2+ 0-1

[Event "FIDE WYCC Girls U14 2023"]
[Site "Montesilvano"]
[Date "2023.11.18"]
[Round "6.7"]
[White "Arzur, Maia"]
[Black "Gaszka, Zuzanna"]
[Result "*"]
[WhiteElo "1997"]
[BlackElo "1758"]
[Annotator "NA"]
[PlyCount "58"]
[EventDate "2023.11.13"]
[EventType "swiss"]
[EventCountry "ITA"]
[SourceTitle "playchess.com"]
[Source "ChessBase"]
[SourceQuality "1"]
[TimeControl "40/5400+30:1800+30"]

1. e4 c6 2. d4 d5 3. Nc3 dxe4 4. Nxe4 Nf6 5. Nxf6+ exf6 6. c3 Bd6 7. Bd3 O-O 8. Qc2 Re8+ 9. Ne2 h5 10. Be3 Nd7 11. O-O-O Nf8 12. c4 Be6 13. a3 Rc8 14. Nc3 a6 15. c5 Be7 16. Be4 g6 17. h3 f5 18. Bf3 Nd7 19. Rhg1 Nf6 20. Ne2 Bd5 21. Nf4 Bf8 22. Be2 Be4 23. Qb3 Bd5 24. Nxd5 cxd5 25. Bd3 Ne4 26. Kb1 Qd7 27. Rde1 Bg7 28. Qd1 f4 29. Bxf4 Nxf2 *

[Event "FIDE WYCC Girls U14 2023"]
[Site "Montesilvano"]
[Date "2023.11.18"]
[Round "6.8"]
[White "Dicen, Elis Denele"]
[Black "Romany, Joy"]
[Result "*"]
[WhiteElo "1976"]
[BlackElo "1764"]
[Annotator "NA"]
[PlyCount "60"]
[EventDate "2023.11.13"]
[EventType "swiss"]
[EventCountry "ITA"]
[SourceTitle "playchess.com"]
[Source "ChessBase"]
[SourceQuality "1"]
[TimeControl "40/5400+30:1800+30"]

1. d4 d5 2. c4 c6 3. Nf3 Nf6 4. Nc3 dxc4 5. a4 Bf5 6. Ne5 Nbd7 7. Nxc4 Qc7 8. g3 e5 9. dxe5 Nxe5 10. Bf4 Nfd7 11. Bg2 g5 12. Ne3 gxf4 13. Nxf5 fxg3 14. hxg3 O-O-O 15. Qc2 Nf6 16. O-O h5 17. Rfc1 Kb8 18. Nb5 Qb6 19. Qc3 Nfg4 20. e3 Rd3 21. Qc2 Bb4 22. Nc3 Rhd8 23. Rd1 Nf6 24. Nd4 Rxd1+ 25. Rxd1 Bc5 26. a5 Qc7 27. Ne4 Nxe4 28. Qxe4 a6 29. Rc1 Bxd4 30. exd4 Ng6 *

[Event "FIDE WYCC Girls U14 2023"]
[Site "Montesilvano"]
[Date "2023.11.18"]
[Round "6.9"]
[White "Sachi Jain"]
[Black "Maklakova, Naomi"]
[Result "*"]
[WhiteElo "1743"]
[BlackElo "1873"]
[Annotator "NA"]
[PlyCount "65"]
[EventDate "2023.11.13"]
[EventType "swiss"]
[EventCountry "ITA"]
[SourceTitle "playchess.com"]
[Source "ChessBase"]
[SourceQuality "1"]
[TimeControl "40/5400+30:1800+30"]

1. e4 e5 2. Nf3 Nc6 3. Bc4 Nf6 4. d3 h6 5. O-O d6 6. a4 g5 7. a5 Bg7 8. c3 Ne7 9. a6 b6 10. Re1 O-O 11. d4 Ng6 12. dxe5 dxe5 13. Qxd8 Rxd8 14. h3 c6 15. Bf1 Ne8 16. Na3 Nc7 17. Nc2 b5 18. Nb4 c5 19. Nd5 Nxd5 20. exd5 c4 21. Ra5 Bd7 22. g4 Be8 23. Bg2 Rac8 24. Be3 Rc7 25. Nd2 Ne7 26. d6 Rxd6 27. Bb7 Nc8 28. Ne4 Rd8 29. Bxc8 Rdxc8 30. Nd6 Rd8 31. Nxe8 Rxe8 32. Rxb5 Ree7 33. Rd1 *